 Dungeon Crawl Stone Soup version 0.31.0-12-g77e489cdc1 (webtiles) character file.

Game seed: 8392692535450575280

54 Silvore the Covered (level 3, -2/33 HPs)
             Began as a Minotaur Fighter on Feb 24, 2024.
             Slain by a ribbon worm (5 damage)
             ... on level 2 of the Dungeon.
             The game lasted 00:01:25 (1119 turns).

Silvore the Covered (Minotaur Fighter)              Turns: 1119, Time: 00:01:26

Health: -2/33      AC: 11    Str: 22    XL:     3   Next: 66%
Magic:  2/2        EV:  9    Int:  5    God:
Gold:   67         SH:  4    Dex:  9    Spells: 2/2 levels left

rFire   . . .        a - +0 flail
rCold   . . .        c - +0 buckler
rNeg    . . .        b - +0 scale mail
rPois   .            (helmet restricted)
rElec   .            (no cloak)
rCorr   .            (no gloves)
SInv    +            (no boots)
Will    .....        (no amulet) Stlth
                     g - ring of see invisible
HPRegen 0.25/turn    h - +4 ring of protection
MPRegen 0.08/turn

%: no passive effects
@: no status effects
A: horns 2, retaliatory headbutt
a: no special abilities


You were on level 2 of the Dungeon.
You visited 1 branch of the dungeon, and saw 2 of its levels.

You collected 67 gold pieces.

Inventory:

Hand Weapons
 a - a +0 flail (weapon)
 e - a +3 whip of venom
Armour
 b - a +0 scale mail (worn)
 c - a +0 buckler (worn)
Jewellery
 g - a ring of see invisible (left hand)
 h - a +4 ring of protection (right hand)
Scrolls
 i - a scroll of poison
 j - a scroll of identify
Potions
 d - a potion of might
 f - 4 potions of enlightenment


   Skills:
 + Level 4.1 Fighting
 + Level 3.1 Maces & Flails
 + Level 4.4 Armour
 + Level 0.1 Dodging
 + Level 4.1 Shields


You had 2 spell levels left.
You didn't know any spells.
Your spell library was empty.

Dungeon Overview and Level Annotations

Branches:
Dungeon (2/15)

Altars:


Innate Abilities, Weirdness & Mutations

You have a pair of horns on your head.
You reflexively headbutt those who attack you in melee.


Message History

a +0 whip; 5 stones; a kobold corpse The gnoll misses you.
The gnoll hits you but does no damage.
You closely miss the gnoll.
You headbutt the gnoll, but do no damage.
The gnoll closely misses you.
The gnoll hits you but does no damage. x2
The dart slug closely misses you. You furiously retaliate!
You headbutt the dart slug. The ribbon worm closely misses you.
You barely miss the gnoll. Your headbutt misses the gnoll.
The gnoll hits you but does no damage. x2; The gnoll hits you with a +0 whip.
You block the dart slug's attack.
The ribbon worm expels a string of sticky webbing.
The stream of webbing misses you.
The stream of webbing hits the gnoll but does no damage.
The gnoll is caught in a web!
You hit the gnoll.
The gnoll is moderately wounded.
The gnoll closely misses you.
The gnoll struggles to get unstuck from the web.
The gnoll barely misses you. You furiously retaliate!
You headbutt the gnoll! The dart slug barely misses you.
The ribbon worm bites you but does no damage.
The gnoll barely misses you.
The gnoll hits you from afar with a +0 spear!
* * * LOW HITPOINT WARNING * * *
The gnoll tears the web.
You sock the gnoll! You headbutt the gnoll.
You kill the gnoll!
The gnoll hits you from afar with a +0 spear.
* * * LOW HITPOINT WARNING * * *
The gnoll hits you but does no damage. You block the ribbon worm's attack.
The dart slug bites you.
* * * LOW HITPOINT WARNING * * *
Your Maces & Flails skill increases to level 3!
The gnoll closely misses you. x2
The ribbon worm bites you but does no damage.
You hit the gnoll but do no damage. The dart slug bites you.
* * * LOW HITPOINT WARNING * * *
The gnoll closely misses you. The gnoll barely misses you.
The ribbon worm bites you.
You die...

♣P♣.♣...~.~.~~~~♣~P♣§.♣
.♣P♣♣♣♣....~.♣~♣§P~§§♣.
. ♣.♣.♣.P.........P§§.
.♣P..............§...
♣P♣PP..P♣..........♣P
♣.♣P.$.♣♣♣P...P...♣.♣ ♣♣
♣......P♣♣♣P...♣♣♣♣.
♣..P♣.gw.....♣♣.P♣.♣♣.♣
♣..P♣.g@...P...♣.♣.♣♣.♣.
..♣....w).....♣P♣♣...♣♣.
P...........♣.P. ♣♣.♣..♣
...........♣♣..♣ ♣♣..♣P
............♣♣.♣ ♣♣..♣
..........♣..♣. ♣♣..
...(..?P...♣♣.P ..♣
.P..P....... .. ♣♣.♣ .♣P


You could see a ribbon worm, 2 gnolls and a dart slug.

Vanquished Creatures
  2 gnolls (D:2)
  2 dart slugs (D:1)
  2 ball pythons (D:1)
  3 endoplasms
  2 giant cockroaches
  2 goblins (D:1)
  6 hobgoblins
  3 kobolds
  2 quokkas (D:1)
  2 bats
  A frilled lizard (D:1)
  3 rats
30 creatures vanquished.

Notes
Turn   | Place    | Note
-------+----------+-------------------------------------------
     0 | D:1      | Silvore the Minotaur Fighter began the quest for the Orb.
     0 | D:1      | Reached XP level 1. HP: 19/19 MP: 0/0
   138 | D:1      | Reached XP level 2. HP: 27/27 MP: 1/1
   919 | D:2      | Reached XP level 3. HP: 33/33 MP: 2/2
  1119 | D:2      | Slain by a ribbon worm

Illustrated notes

Levels and vault maps discovered:
D:1:      scummos_arrival_star, layout_loops_ring, serial_forest,
          infiniplex_forest_diagonal, infiniplex_forest_end_2,
          infiniplex_forest_straight_4, infiniplex_forest_lined_corner,
          infiniplex_forest_end_3, infiniplex_forest_clump_curved,
          infiniplex_forest_end_3, item_on_display_a
D:2:      wad_woods_pond, layout_rooms, basic_altar

Skill      XL: |  1  2  3 |
---------------+----------+-----
Fighting       | 4 |  4.1
Shields        | 4 |  4.1
Armour         | 4 |  4.4
Maces & Flails | 3 |  3.1
Dodging        | |  0.1

Action                     || total
---------------------------++-------
  Melee: Flail             ||   101
         Headbutt          ||    26
    Use: Scroll            ||     3
 Armour: Scale mail        ||    67
  Dodge: Dodged            ||    35
  Block: Buckler           ||    13
